 Dungeon Crawl Stone Soup version 0.19-a0-1932-g59670f6 (webtiles) character file.

32662 JeffiDaFish the Fighter (level 13, 0/116 HPs)
             Began as a Hill Orc Fighter on Oct 26, 2016.
             Was a High Priest of Beogh.
             Killed from afar by a rime drake (20 damage)
             ... with a flash freeze
             ... on level 5 of the Lair of Beasts.
             The game lasted 01:01:29 (19932 turns).

JeffiDaFish the Fighter (Hill Orc Fighter)         Turns: 19932, Time: 01:01:30

Health: 0/116      AC: 21    Str: 23    XL:     13   Next: 66%
Magic:  21/21      EV:  7    Int: 12    God:    Beogh [*****.]
Gold:   689        SH:  0    Dex: 13    Spells: 3 memorised, 15 levels left

rFire  + . .     SeeInvis .     o - +11 quarterstaff of Brutal Revenge {drain, rF+ rC++}
rCold  + + .     Gourm    +     b - +0 plate armour
rNeg   . . .     Faith    .     (shield currently unavailable)
rPois  .         Spirit   .     G - +1 helmet
rElec  .         Reflect  .     x - +2 cloak
rCorr  .         Harm     .     (no gloves)
MR     .....                    (no boots)
Stlth  ..........               V - amulet of the gourmand
                                (no ring)
                                O - +4 ring of intelligence

@: no status effects
A: walk on water, rugged brown scales 1, agile 1
a: Smiting, Recall Orcish Followers, Give Item to Named Follower, Renounce
Religion


You were on level 5 of the Lair of Beasts.
You worshipped Beogh.
Beogh was extremely pleased with you.
You were very full.

You visited 2 branches of the dungeon, and saw 17 of its levels.

You collected 937 gold pieces.
You spent 248 gold pieces at shops.

Inventory:

Hand Weapons
 a - a +1 war axe
 o - the +11 quarterstaff of Brutal Revenge (weapon) {drain, rF+ rC++}
   (You found it on level 4 of the Dungeon)

   A truly terrible weapon, it drains the life of those it strikes.
   It protects you from fire.
   It greatly protects you from cold.
 z - the +1 falchion of Viorois {freeze, +Blink}
   (You bought it in a shop on level 7 of the Dungeon)

   It has been specially enchanted to freeze those struck by it, causing extra
   injury to most foes and up to half again as much damage against particularly
   susceptible opponents.
   It can also slow down cold-blooded creatures.
   It lets you blink.
 Q - the +11 long sword of Susotsajiro {drain, rElec rF+ MR++ Int-3}
   (You found it on level 3 of the Lair of Beasts)

   A truly terrible weapon, it drains the life of those it strikes.
   It affects your intelligence (-3).
   It protects you from fire.
   It insulates you from electricity.
   It affects your resistance to hostile enchantments.
Armour
 b - a +0 plate armour (worn)
 c - a +2 shield
 x - a +2 cloak (worn)
 G - a +1 helmet (worn)
 T - a +1 hat of magic resistance
Rods
 p - a +0 iron rod (14/14)
   (You found it on level 4 of the Dungeon)
Jewellery
 D - an uncursed ring of fire
 O - a +4 ring of intelligence (left hand)
 V - an amulet of the gourmand (around neck)
Wands
 d - a wand of random effects (8/48)
 e - a wand of heal wounds (0/9)
 k - a wand of disintegration (10/24)
 q - a wand of paralysis (17/24)
 u - a wand of lightning (2/15)
 v - a wand of lightning (10/15)
 A - a wand of lightning (2/15)
 I - a wand of polymorph (8/24)
 J - a wand of confusion (16/48)
 N - a wand of confusion (13/48)
 P - a wand of paralysis (10/24)
 R - a wand of lightning (5/15)
 S - a wand of paralysis (1/24)
 W - a wand of disintegration (6/24)
Scrolls
 f - 5 scrolls of identify
 i - 7 scrolls of remove curse
 j - 3 scrolls of fear
 l - 6 scrolls of amnesia
 r - 3 scrolls of blinking
 y - 2 scrolls of recharging
 B - 4 scrolls of magic mapping
 H - 2 scrolls of fog
 K - 3 scrolls of enchant weapon
Potions
 g - 3 potions of brilliance
 n - a potion of agility
 E - a potion of flight
 U - a potion of curing
Books
 t - a book of Minor Magic

   Spells                             Type                      Level
   a - Magic Dart                     Conjuration                  1
   b - Blink                          Translocation                2
   c - Call Imp                       Summoning                    2
   d - Repel Missiles                 Charms/Air                   2
   e - Slow                           Hexes                        2
   f - Conjure Flame                  Conjuration/Fire             3
   g - Mephitic Cloud                 Conjuration/Poison/Air       3
 C - a book of Necromancy

   Spells                             Type                      Level
   a - Pain                           Necromancy                   1
   b - Animate Skeleton               Necromancy                   1
   c - Vampiric Draining              Necromancy                   3
   d - Regeneration                   Charms/Necromancy            3
   e - Animate Dead                   Necromancy                   4
   f - Control Undead                 Necromancy                   4
 F - a book of Geomancy

   Spells                             Type                      Level
   a - Sandblast                      Earth                        1
   b - Passwall                       Transmutation/Earth          2
   c - Stone Arrow                    Conjuration/Earth            3
   d - Petrify                        Transmutation/Earth          4
   e - Lee's Rapid Deconstruction     Earth                        5
Comestibles
 h - 5 bread rations
 m - 3 slices of pizza
 s - 3 beef jerkies
 w - 2 meat rations
 L - 5 fruits


   Skills:
 + Level 10.3 Fighting
 - Level 7.3 Axes
 * Level 10.1 Staves
 + Level 9.2 Armour
 - Level 0.4 Dodging
 - Level 0.5 Stealth
 + Level 9.7 Shields
 + Level 5.4 Spellcasting
 + Level 6.9 Hexes
 * Level 9.7 Necromancy


You had 15 spell levels left.
You knew the following spells:

 Your Spells              Type           Power        Failure   Level  Hunger
a - Slow                  Hex            ###.....     24%         2    ##.....
b - Animate Skeleton      Necr           N/A          6%          1    None
c - Animate Dead          Necr           N/A          47%         4    ####...


Dungeon Overview and Level Annotations

Branches:
Dungeon (11/15)            Temple (0/1) D:5            Lair (6/6) D:11
  Swamp (0/4) Lair:2        Snake (0/4) Lair:2        Slime (0/5) Lair:5
    Orc: D:9-12

Altars:
Ashenzari
Dithmenos
Fedhas
Hepliaklqana
Xom
Yredelemnul
Zin

Shops:
D:7 %%(:   D:8 *   D:9 *   D:10 *   D:11 *

Annotations:
Lair:3 exclusion: oklob plant
Lair:6 atlai's ghost, journeyman MiBe


Innate Abilities, Weirdness & Mutations

You can walk on water.
You are partially covered in rugged brown scales. (AC +1, +3% HP)
You are agile. (Dex +2)


Message History

The rime drake bites you but does no damage.
You sock the rime drake!
The rime drake is heavily wounded.
The water moccasin bites Nergalle but does no damage.
The rime drake barely misses you.
The rime drake bites you but does no damage.
Nergalle hits the water moccasin with a dagger of draining.
Nergalle drains the water moccasin!
You barely miss the rime drake.
The rime drake is heavily wounded.
The water moccasin bites Nergalle but does no damage.
The rime drake bites you but does no damage. x2
Nergalle hits the water moccasin with a dagger of draining.
Nergalle drains the water moccasin!
You hit the rime drake.
The rime drake is heavily wounded.
The water moccasin misses Nergalle.
The rime drake breathes ice at you. The flash freeze hits you!
You partially resist.
You die...

#....#............##.###...##
##..###.#.........##..##...##
##..#####..##.....#.##....##
#..P#.####.................
#......................>...
##(.........................
#P..................#.#...#.
##.........kk.........##....#
#.#.......>S@........#.#....#
##........o..................
#P................#P...#.#..
##....#.P..#....#.........#.
#P..#...###......#.......#..
#........##..............##.
###..##...................#..
#....###...#......#..........
##...# #..###....#........P..


You could see 2 rime drakes, a water moccasin and the friendly Nergalle.

Vanquished Creatures
  4 hydras
  An anaconda (Lair:2)
  Sonja (D:10)
  2 skeletal warriors (D:11)
  A sea snake (Lair:5)
  2 hill giants (D:10)
  An ugly thing (D:10)
  A black mamba (Lair:3)
  5 elephants (Lair:2)
  7 spiny frogs
  A rime drake (Lair:6)
  7 komodo dragons
  3 trolls (D:10)
  A two-headed ogre (D:8)
  A polar bear (Lair:5)
  2 hippogriffs
  8 blink frogs
  A slime creature (Lair:5)
  3 wyverns
  A wraith (D:11)
  17 yaks
  A hungry ghost (D:11)
  A basilisk (Lair:4)
  7 water moccasins
  7 porcupines
  Duvessa (D:4)
  An ice beast (D:6)
  3 black bears
  A necrophage (D:11)
  3 ogres
  3 phantoms
  6 wolves
  8 centaurs
  7 crocodiles
  10 bullfrogs
  A gnoll sergeant (D:8)
  Dowan (D:4)
  A water moccasin zombie (D:11)
  4 scorpions
  16 killer bees
  An electric eel (D:11)
  A howler monkey (D:5)
  3 crimson imps
  A centaur zombie (D:10)
  A quasit (D:11)
  2 centaur skeletons
  5 hounds
  3 jellies
  2 bullfrog skeletons
  5 orc priests
  2 iguanas
  10 orc wizards
  8 worker ants
  A hound zombie (D:7)
  6 gnolls
  A howler monkey skeleton (D:4)
  15 adders
  A shadow imp (D:5)
  An ooze (D:3)
  5 adder skeletons
  5 worms
  2 dart slugs
  2 leopard geckos
  27 orcs
  8 giant cockroaches
  8 goblins
  12 hobgoblins
  7 jackals
  3 quokkas
  A ball python (Lair:2)
  5 bats
  4 frilled lizards
  7 kobolds
  A leopard gecko skeleton (D:4)
  A leopard gecko zombie (D:3)
  A quokka zombie (D:6)
  12 rats
  8 plants (D:11)
340 creatures vanquished.

Vanquished Creatures (collateral kills)
  The ghost of amijlee the Impaler, a journeyman MfGl of Uskayaw (Lair:5)
  2 hydras
  A centaur warrior (D:11)
  A skeletal warrior (D:11)
  An unseen horror (D:10)
  5 elephants (Lair:2)
  A black mamba (Lair:5)
  2 spiny frogs
  2 komodo dragons
  6 polar bears
  4 blink frogs
  A yak (Lair:1)
  A shadow (D:11)
  A wyvern (Lair:2)
  2 water moccasins
  A porcupine (Lair:3)
  A crocodile (Lair:6)
  A big kobold (D:9)
  A bullfrog (D:10)
  A scorpion (D:10)
  3 killer bees
  2 electric eels (D:11)
  2 crimson imps (D:10)
  A hound (D:10)
  An orc priest (D:10)
  A jelly (Lair:5)
  An orc wizard (D:10)
  A worker ant (D:11)
  A howler monkey skeleton (D:10)
  3 adders
  An orc (D:10)
  2 jackals (D:10)
  A kobold (D:10)
  A ball python (Lair:2)
  5 plants
62 creatures vanquished.

Vanquished Creatures (others)
  An orc knight (D:11)
  4 orc warriors
  12 orcs
  A rat (D:3)
  7 fungi
  7 plants
32 creatures vanquished.

Grand Total: 434 creatures vanquished

Notes
Turn   | Place    | Note
-------+----------+-------------------------------------------
     0 | D:1      | JeffiDaFish the Hill Orc Fighter began the quest for the Orb.
     0 | D:1      | Reached XP level 1. HP: 19/19 MP: 1/1
    78 | D:1      | Reached XP level 2. HP: 27/27 MP: 2/2
   545 | D:1      | Reached XP level 3. HP: 31/33 MP: 3/3
  1252 | D:2      | Reached XP level 4. HP: 38/40 MP: 4/4
  2451 | D:3      | Reached XP level 5. HP: 47/47 MP: 5/5
  2582 | D:3      | Reached skill level 5 in Axes
  2665 | D:3      | Became a worshipper of Beogh the Brigand
  2905 | D:3      | Found a basalt altar of Yredelemnul.
  2994 | D:3      | Found a shimmering altar of Xom.
  2995 | D:3      | Found a shattered altar of Ashenzari.
  2998 | D:3      | Found a glowing silver altar of Zin.
  2999 | D:3      | Found a hazy altar of Hepliaklqana.
  3150 | D:4      | Noticed Dowan
  3151 | D:4      | Noticed Duvessa
  3156 | D:4      | Killed Duvessa
  3156 | D:4      | Reached XP level 6. HP: 41/55 MP: 6/6
  3164 | D:4      | Reached skill level 5 in Fighting
  3167 | D:4      | Killed Dowan
  3415 | D:4      | Gained mutation: You are agile. (Dex +2) [potion of mutation]
  3415 | D:4      | Gained mutation: You are partially covered in rugged brown scales. (AC +1, +3% HP) [potion of mutation]
  3617 | D:4      | Noticed a phantom
  3639 | D:4      | Killed a phantom
  3639 | D:4      | Reached XP level 7. HP: 58/62 MP: 7/7
  3950 | D:4      | Got a jewelled quarterstaff
  3956 | D:4      | Identified the +11 quarterstaff of Brutal Revenge {drain, rF+ rC++} (You found it on level 4 of the Dungeon)
  3988 | D:4      | Reached skill level 5 in Armour
  4129 | D:5      | Entered Level 5 of the Dungeon
  4131 | D:5      | Found a staircase to the Ecumenical Temple.
  4172 | D:5      | Reached skill level 1 in Staves
  4173 | D:5      | Reached skill level 5 in Shields
  4534 | D:5      | Reached XP level 8. HP: 64/71 MP: 8/8
  4686 | D:5      | Learned a level 2 spell: Slow
  4953 | D:6      | Reached * piety under Beogh
  5021 | D:6      | Noticed a yak
  5027 | D:6      | Killed a yak
  5027 | D:6      | Reached skill level 1 in Hexes
  5032 | D:6      | Noticed a hippogriff
  5035 | D:6      | Killed a hippogriff
  5035 | D:6      | Reached skill level 1 in Spellcasting
  5439 | D:6      | Found a blossoming altar of Fedhas.
  5718 | D:7      | Reached XP level 9. HP: 79/79 MP: 11/11
  5737 | D:7      | Found Kamopret's Food Boutique.
  5850 | D:7      | Found Pibloe Avawn's Antique Weapon Boutique.
  5863 | D:7      | Found Agroteod's Food Shop.
  5914 | D:7      | Found Loelorr's Book Shoppe.
  5917 | D:7      | Bought an ichor-stained falchion for 248 gold pieces
  5917 | D:7      | Identified the cursed +1 falchion of Viorois {freeze, +Blink} (You bought it in a shop on level 7 of the Dungeon)
  6003 | D:7      | Learned a level 1 spell: Animate Skeleton
  6345 | D:8      | Reached skill level 1 in Necromancy
  6383 | D:7      | HP: 4/80 [poisoned by a killer bee]
  6390 | D:7      | HP: 3/80 [poisoned by a killer bee]
  6397 | D:7      | HP: 2/80 [poisoned by a killer bee]
  6405 | D:7      | HP: 2/80 [poisoned by a killer bee]
  6908 | D:8      | Reached ** piety under Beogh
  7096 | D:8      | Reached skill level 5 in Staves
  7117 | D:8      | Reached XP level 10. HP: 33/88 MP: 13/13
  7827 | D:8      | Found Duajee's Assorted Antiques.
  8040 | D:9      | Reached *** piety under Beogh
  8058 | D:9      | Found a shadowy altar of Dithmenos.
  8065 | D:9      | Found Ishroimm's Assorted Antiques.
  8630 | D:10     | Entered Level 10 of the Dungeon
  8734 | D:10     | Noticed a hill giant
  8740 | D:10     | Killed a hill giant
  9144 | D:10     | Found Mocvudet's Assorted Antiques.
  9165 | D:10     | Noticed Sonja
  9176 | D:10     | Killed an unseen horror
  9218 | D:10     | You fall through a shaft!
  9435 | D:11     | Noticed a centaur warrior
  9444 | D:11     | Reached skill level 5 in Necromancy
  9446 | D:11     | Killed a centaur warrior
 10099 | D:11     | Reached XP level 11. HP: 82/96 MP: 15/15
 10152 | D:11     | Found a staircase to the Lair.
 10222 | D:11     | Reached **** piety under Beogh
 10391 | D:11     | Found Xesig's General Store.
 10726 | D:11     | Noticed a skeletal warrior
 10727 | D:11     | Noticed a skeletal warrior
 10747 | D:11     | Killed a skeletal warrior
 10754 | D:11     | Noticed a skeletal warrior
 10762 | D:11     | Noticed a skeletal warrior
 10769 | D:11     | Killed a skeletal warrior
 10780 | D:11     | Killed a skeletal warrior
 10782 | D:11     | HP: 2/97 [skeletal warrior/morningstar of protection[a skeletal warrior] (13)]
 11400 | D:10     | Killed Sonja
 11400 | D:10     | Reached skill level 5 in Hexes
 11641 | D:10     | Noticed a red ugly thing
 11647 | D:10     | Killed a red ugly thing
 11772 | D:10     | Noticed a hill giant
 11782 | D:10     | Killed a hill giant
 12128 | Lair:1   | Entered Level 1 of the Lair of Beasts
 12212 | Lair:1   | Learned a level 4 spell: Animate Dead
 12414 | Lair:1   | Noticed Nergalle
 12652 | Lair:1   | Noticed a four-headed hydra
 12662 | Lair:1   | Killed a four-headed hydra
 12662 | Lair:1   | Reached XP level 12. HP: 64/106 MP: 18/18
 13619 | Lair:2   | Reached ***** piety under Beogh
 13626 | Lair:2   | Found a staircase to the Snake Pit.
 13629 | Lair:2   | Noticed an anaconda
 13641 | Lair:2   | Killed an anaconda
 13774 | Lair:2   | Found a staircase to the Swamp.
 15033 | Lair:3   | Identified a scroll of acquirement
 15095 | Lair:3   | Noticed a seven-headed hydra
 15099 | Lair:3   | Noticed a five-headed hydra
 15102 | Lair:3   | Killed an eight-headed hydra
 15109 | Lair:3   | Killed a five-headed hydra
 15388 | Lair:3   | Got an ancient long sword
 15389 | Lair:3   | Identified the +11 long sword of Susotsajiro {drain, rElec rF+ MR++ Int-3} (You found it on level 3 of the Lair of Beasts)
 15793 | Lair:4   | Reached skill level 5 in Spellcasting
 15796 | Lair:4   | Reached XP level 13. HP: 79/115 MP: 20/20
 17941 | Lair:5   | Reached skill level 10 in Fighting
 18112 | Lair:5   | Found a staircase to the Slime Pits.
 18771 | Lair:5   | Noticed amijlee's ghost (journeyman MfGl)
 18790 | Lair:5   | Killed amijlee's ghost
 19050 | Lair:5   | Reached skill level 10 in Staves
 19191 | Lair:6   | Entered Level 6 of the Lair of Beasts
 19254 | Lair:6   | Noticed atlai's ghost (journeyman MiBe)
 19932 | Lair:5   | Killed from afar by a rime drake

Vault maps used:
D:1:      dpeg_arrival_windows_large_door, serial_glass, glass_columns_a,
          glass_columns_b, feat_on_display, minmay_strange_pillars,
          serial_park_tiny_1
D:3:      minitemple, minivault_5
D:4:      kennysheep_six_static_rooms, first_bread, kennysheep_generic_room_15,
          uniq_duvessa
D:6:      minmay_cornered_nines, fedhas_altar_1, serial_column_ruins,
          column_ruins_square_medium, column_ruins_square_medium,
          column_ruins_open_medium, column_ruins_open_tiny, column_ruins_grid_4,
          column_ruins_open_small, column_ruins_grid_1,
          column_ruins_columns_corner
D:7:      serial_shops, nicolae_shop_trees, nicolae_shop_waterfront,
          nicolae_shop_statue_plus, nicolae_shop_window_shopping,
          nrook_mini_backslash
D:8:      serial_shops, shop
D:9:      nicolae_dithmenos_shadow_blocks, serial_shops, shop, serial_curves,
          eino_curves_01, eino_curves_02
D:10:     serial_shops, shop, uniq_sonja
D:11:     dpeg_oklobed_lair, serial_shops, shop
Lair:1:   serial_bayou_shore_b, serial_bayou_shore_b, lemuel_fruit_tree,
          uniq_nergalle
Lair:2:   swamp_mist, minmay_snake_entry_six_corridors, columned_hall_lemuel
Lair:5:   minmay_slime_entry_pillars, beast_lair_carwin_7
Lair:6:   gammafunk_lair_ancient_temple, serial_bayou_lagoon_a

Skill      XL: |  1  2  3  4  5  6  7  8  9 10 11 12 13 |
---------------+----------------------------------------+-----
Fighting       | 4 5 6 7 8 9 10 | 10.3
Axes           | 3 4 5 6 7 |  7.3
Armour         | 4 5 6 7 8 9 |  9.2
Shields        | 4 5 6 7 8 9 |  9.7
Staves         | 1 3 5 6 8 9 10 | 10.1
Hexes          | 2 3 4 5 6 |  6.9
Spellcasting   | 1 2 3 4 5 |  5.4
Necromancy     | 3 5 7 8 9 |  9.7
Dodging        | |  0.4
Stealth        | |  0.5

Action                   |  1- 3 |  4- 6 |  7- 9 | 10-12 | 13-15 || total
-------------------------+-------+-------+-------+-------+-------++-------
Melee: War axe           |   105 |   182 |    32 |       |       ||   319
       Quarterstaff      |       |       |   169 |   544 |   226 ||   939
 Cast: Animate Skeleton  |       |       |       |    29 |    13 ||    42
Invok: Convert to Beogh  |       |     1 |       |       |       ||     1
       Recall Orcish Fol |       |       |       |     2 |     1 ||     3
       Smiting           |       |       |       |     1 |       ||     1
Evoke: Wand              |       |       |       |     4 |       ||     4
  Use: Scroll            |     5 |     6 |    10 |     6 |     3 ||    30
       Potion            |     1 |     6 |     5 |     7 |     5 ||    24
 Stab: Distracted        |       |       |       |     2 |     3 ||     5
  Eat: Bread ration      |     1 |       |     2 |     2 |       ||     5
       Chunk             |       |     5 |     3 |    12 |    20 ||    40
       Meat ration       |       |       |       |     1 |       ||     1
       Fruit             |       |       |       |     4 |       ||     4
Armor: Scale mail        |    41 |       |       |       |       ||    41
       Chain mail        |     6 |    15 |       |       |       ||    21
       Plate armour      |       |    88 |   142 |   408 |   180 ||   818
       Skin              |       |     1 |       |       |       ||     1
Dodge: Dodged            |    33 |    24 |    87 |   197 |    79 ||   420
Block: Shield            |    61 |   108 |    16 |       |       ||   185
